[Event "Sunday 01 April Rapid Engine Tour 12+1 Rounds 9 Starts 1600ST"]
[Site "Infinity Chess"]
[Date "2018.4.1"]
[Round "7"]
[White "Longin"]
[Black "KULLANI"]
[Result "1/2-1/2"]
[ECO "C55"]
[WhiteElo "2453"]
[BlackElo "2448"]
[WhiteEngine "Raubfisch ME262_GTZ16f_CTG"]
[BlackEngine "BrainFish_180329_x64"]
[EventType "Swiss"]
[WhiteTeam ""]
[BlackTeam ""]
[PlyCount "97"]
[TimeControl "720+1"]

1. e4 e5 2. Nf3 Nc6 3. Bc4 Nf6 4. d3 Bc5 5. O-O d6 6. c3 a5 7. Re1 O-O 
8. Nbd2 h6 9. Nf1 Be6 10. Bb5 Ne7 11. d4 Bb6 12. Be3 exd4 13. Bxd4 Bxd4 
14. Nxd4 Ng6 15. Ne3 c6 16. Bd3 Re8 17. Bc2 d5 18. Nxe6 Rxe6 19. exd5 Nxd5 
20. Nf5 Rxe1+ 21. Qxe1 Nh4 22. Nxh4 Qxh4 23. g3 Qh5 24. h4 Kf8 25. Qd2 Re8 
26. Re1 Rxe1+ 27. Qxe1 g6 28. Bd1 Qf5 29. Qd2 Kg7 30. Kg2 Qe5 31. Bf3 Nb6 
32. b3 Nd5 33. Bxd5 cxd5 34. a3 b5 35. Qd3 a4 36. bxa4 bxa4 37. Qd4 Qxd4 
38. cxd4 f5 39. Kf3 Kf6 40. Kf4 g5+ 41. hxg5+ hxg5+ 42. Ke3 Ke6 43. f4 gxf4+ 
44. Kxf4 Kf6 45. g4 fxg4 46. Kxg4 Kg6 47. Kf4 Kf6 48. Kg4 Kg6 49. Kf4 1/2-1/2

[Event "Sunday 01 April Rapid Engine Tour 12+1 Rounds 9 Starts 1600ST"]
[Site "Infinity Chess"]
[Date "2018.4.1"]
[Round "7"]
[White "MGR"]
[Black "KhalidOmar"]
[Result "1/2-1/2"]
[ECO "C55"]
[WhiteElo "2464"]
[BlackElo "2443"]
[WhiteEngine "cFish_280318_64_POP"]
[BlackEngine "Eman 1.70-beta12 64-bit BMI2"]
[EventType "Swiss"]
[WhiteTeam ""]
[BlackTeam ""]
[PlyCount "138"]
[TimeControl "720+1"]

1. e4 e5 2. Nf3 Nc6 3. Bc4 Nf6 4. d3 Bc5 5. O-O O-O 6. Re1 a5 7. c3 d6 8. h3 Ba7 
9. a4 h6 10. Na3 Ne7 11. d4 exd4 12. cxd4 c6 13. Bd3 d5 14. e5 Ne4 15. Nb1 f5 
16. exf6 Rxf6 17. Bxe4 dxe4 18. Rxe4 Bf5 19. Re1 Nd5 20. Nc3 Nb4 21. Qb3+ Kh8 
22. Ne4 Re6 23. Ng3 Rxe1+ 24. Nxe1 Bh7 25. Be3 Qd5 26. Qxd5 Nxd5 27. Nf3 Re8 
28. Nf1 c5 29. Rd1 Nxe3 30. Nxe3 cxd4 31. Nxd4 Re4 32. Nb5 Bxe3 33. fxe3 Rxe3 
34. Rd8+ Bg8 35. Nd6 Rb3 36. Ra8 Rxb2 37. Nf5 Kh7 38. Rxa5 Ba2 39. Rc5 Be6 
40. Nd4 Bf7 41. Nf5 Bg6 42. a5 Bxf5 43. Rxf5 Rb1+ 44. Kh2 Kg6 45. Rd5 Kf6 
46. Rd7 Kg6 47. Kg3 Rb3+ 48. Kf2 h5 49. Rd6+ Kf7 50. Rd4 Rb2+ 51. Kg3 g6 
52. Rf4+ Kg8 53. h4 Rb5 54. Rf6 Kg7 55. Rd6 Rxa5 56. Rd7+ Kf6 57. Rd6+ Kf5 
58. Rb6 Ra7 59. Rb3 b6 60. Rb5+ Ke4 61. Rxb6 Ra3+ 62. Kh2 Kf5 63. Rb5+ Kg4 
64. Rg5+ Kxh4 65. Rxg6 Ra2 66. Kh1 Ra7 67. Kh2 Ra2 68. Kh1 Ra1+ 69. Kh2 Ra2 
1/2-1/2

[Event "Sunday 01 April Rapid Engine Tour 12+1 Rounds 9 Starts 1600ST"]
[Site "Infinity Chess"]
[Date "2018.4.1"]
[Round "7"]
[White "Thinker"]
[Black "Mr Aj"]
[Result "1/2-1/2"]
[ECO "B90"]
[WhiteElo "2459"]
[BlackElo "2453"]
[WhiteEngine "BrainFish_180329_x64_modern_CTG"]
[BlackEngine "Houdini 6"]
[EventType "Swiss"]
[WhiteTeam ""]
[BlackTeam ""]
[PlyCount "82"]
[TimeControl "720+1"]

1. e4 c5 2. Nf3 d6 3. d4 cxd4 4. Nxd4 Nf6 5. Nc3 a6 6. Be3 e5 7. Nb3 Be6 
8. h3 Be7 9. f4 exf4 10. Bxf4 O-O 11. Qf3 Nc6 12. O-O-O Qb6 13. Be3 Qd8 
14. g4 Nd7 15. Kb1 Rc8 16. Qg3 Bf6 17. Nd5 Be5 18. Qf3 Na5 19. Bd3 b5 
20. Rhf1 Nc4 21. Bxc4 bxc4 22. Nd4 Bxd5 23. exd5 Rb8 24. b3 Bxd4 25. Bxd4 cxb3 
26. cxb3 a5 27. Qc3 Rc8 28. Qg3 Nc5 29. Bb2 f6 30. Ka1 Re8 31. Rfe1 Qd7 
32. Rxe8+ Rxe8 33. Re1 Rxe1+ 34. Qxe1 h5 35. gxh5 Qxh3 36. b4 axb4 37. Qe8+ Kh7 
38. Qg6+ Kh8 39. Qe8+ Kh7 40. Qg6+ Kh8 41. Qe8+ Kh7 1/2-1/2

[Event "Sunday 01 April Rapid Engine Tour 12+1 Rounds 9 Starts 1600ST"]
[Site "Infinity Chess"]
[Date "2018.4.1"]
[Round "7"]
[White "Brtroy"]
[Black "RonWeasley"]
[Result "1-0"]
[ECO "C11"]
[WhiteElo "2499"]
[BlackElo "2458"]
[WhiteEngine "BrainFish_180329_x64_bmi2_CTG"]
[BlackEngine "BrainFish 290318_CTG"]
[EventType "Swiss"]
[WhiteTeam ""]
[BlackTeam ""]
[PlyCount "183"]
[TimeControl "720+1"]

1. e4 e6 2. d4 d5 3. Nc3 Nf6 4. e5 Nfd7 5. f4 c5 6. Nf3 Nc6 7. Be3 cxd4 
8. Nxd4 Qb6 9. Qd2 Qxb2 10. Rb1 Qa3 11. Bb5 Nxd4 12. Bxd4 a6 13. Rb3 Qe7 
14. Ba4 g6 15. O-O Bg7 16. Bxd7+ Qxd7 17. Bc5 b5 18. Qd4 Qc7 19. a4 Bd7 
20. axb5 Rc8 21. Bb4 axb5 22. Ra1 Qc4 23. Qxc4 bxc4 24. Rbb1 Rb8 25. Bd6 Rxb1+ 
26. Rxb1 Bc6 27. Ne2 Kd7 28. Nd4 Bf8 29. Bxf8 Rxf8 30. Rb6 Ba8 31. Kf2 Rd8 
32. c3 Kc7 33. Ra6 Kb7 34. Rc6 Kb8 35. Rb6+ Kc7 36. Ra6 h5 37. Kg3 Bb7 
38. Nb5+ Kd7 39. Rb6 Ba8 40. Nd4 Kc7 41. Rb5 Rb8 42. Ra5 Bb7 43. Rc5+ Kd8 
44. Rb5 Kc7 45. Kh4 Ra8 46. Rc5+ Kd8 47. Kg5 Rc8 48. Rb5 Bc6 49. Ra5 Ke8 
50. Kf6 Bd7 51. Ra7 h4 52. Nf3 Rc5 53. Ng5 d4 54. cxd4 Rc6 55. Nxf7 c3 
56. Nd6+ Kd8 57. Nb7+ Ke8 58. Nc5 c2 59. Ra1 Rc7 60. Rc1 Bc6 61. Rxc2 Bd5 
62. g4 hxg3 63. hxg3 Rf7+ 64. Kg5 Rh7 65. g4 Kf8 66. Rb2 Kf7 67. Nd7 Rh3 
68. Rc2 Ke7 69. Nf6 Bb3 70. Rc8 Ba4 71. Kxg6 Rb3 72. g5 Rb7 73. Rh8 Rb1 
74. Rh7+ Kd8 75. Ra7 Bb5 76. Kf7 Kc8 77. g6 Rg1 78. g7 Bc4 79. g8=R+ Rxg8 
80. Nxg8 Kb8 81. Ra4 Be2 82. Kxe6 Kc7 83. Rb4 Bg4+ 84. f5 Be2 85. Ne7 Ba6 
86. f6 Bc4+ 87. Rxc4+ Kb6 88. Kd5 Ka6 89. Kc6 Ka7 90. f7 Ka8 91. Ra4+ Kb8 
92. f8=Q# 1-0

[Event "Sunday 01 April Rapid Engine Tour 12+1 Rounds 9 Starts 1600ST"]
[Site "Infinity Chess"]
[Date "2018.4.1"]
[Round "7"]
[White "Eman"]
[Black "fati64"]
[Result "1/2-1/2"]
[ECO "D02"]
[WhiteElo "2515"]
[BlackElo "2464"]
[WhiteEngine "Eman 1.70-beta12 64-bit POPCNT"]
[BlackEngine "BrainFish_180329_x64"]
[EventType "Swiss"]
[WhiteTeam ""]
[BlackTeam ""]
[PlyCount "147"]
[TimeControl "720+1"]

1. d4 d5 2. Nf3 Nf6 3. c4 e6 4. g3 Bb4+ 5. Bd2 Be7 6. Bg2 c6 7. O-O O-O 8. b3 b6 
9. Bc1 Bb7 10. Nc3 Nbd7 11. Bb2 c5 12. cxd5 Nxd5 13. Nxd5 Bxd5 14. Re1 Be4 
15. Qd2 Qc7 16. Qf4 Qxf4 17. gxf4 Rfd8 18. Red1 Rac8 19. Rac1 Bf6 20. Ne5 Bxg2 
21. Kxg2 Nxe5 22. fxe5 Bg5 23. e3 cxd4 24. f4 Be7 25. Bxd4 Ba3 26. Rxc8 Rxc8 
27. Rd2 g6 28. Kf3 Kf8 29. Ke4 Kg7 30. Rg2 Kh6 31. Kf3 Be7 32. Kg4 Kg7 
33. Bb2 b5 34. Kf3 Bb4 35. Ke4 Rc7 36. Kd3 Kh6 37. Rg3 Rc6 38. Rg1 Kh5 
39. a3 Be7 40. a4 bxa4 41. bxa4 Bb4 42. Bd4 a5 43. h4 h6 44. Rb1 Rc8 45. Ke4 Rc2 
46. Ra1 Kxh4 47. Rh1+ Kg4 48. Rxh6 Bc5 49. Kd3 Rc1 50. Bxc5 Rxc5 51. Rh7 Rc7 
52. Rh1 Rd7+ 53. Ke2 Rc7 54. Rg1+ Kh5 55. Kf2 Kh6 56. Rh1+ Kg7 57. Kf3 Rc4 
58. Ra1 Rb4 59. Kg4 f6 60. exf6+ Kxf6 61. Kf3 g5 62. fxg5+ Kxg5 63. Rh1 Rxa4 
64. Rc1 e5 65. Rc6 e4+ 66. Kf2 Ra1 67. Kg3 a4 68. Ra6 a3 69. Ra5+ Kh6 70. Kf4 a2 
71. Kxe4 Kh7 72. Ra4 Kg8 73. Ra3 Kf7 74. Ra4 1/2-1/2

[Event "Sunday 01 April Rapid Engine Tour 12+1 Rounds 9 Starts 1600ST"]
[Site "Infinity Chess"]
[Date "2018.4.1"]
[Round "7"]
[White "Susanne"]
[Black "Murx"]
[Result "1/2-1/2"]
[ECO "C53"]
[WhiteElo "2525"]
[BlackElo "2471"]
[WhiteEngine "stockfish_jv_x64_bmi2_CTG"]
[BlackEngine "BrainFish_180329_x64_modern"]
[EventType "Swiss"]
[WhiteTeam ""]
[BlackTeam ""]
[PlyCount "125"]
[TimeControl "720+1"]

1. e4 e5 2. Nf3 Nc6 3. Bc4 Bc5 4. c3 Nf6 5. d3 a5 6. O-O d6 7. Re1 O-O 8. h3 h6 
9. Nbd2 Be6 10. b3 Bb6 11. a4 d5 12. Bb5 Ne7 13. exd5 Nfxd5 14. Qc2 c6 
15. Bc4 Ng6 16. d4 Ndf4 17. dxe5 Nh4 18. Bf1 Bd5 19. Re4 Nfg6 20. Bc4 Re8 
21. g3 Qd7 22. Bxd5 Nxf3+ 23. Nxf3 cxd5 24. Rg4 Qc6 25. Nd4 Bxd4 26. Rxd4 Nxe5 
27. Kg2 Rab8 28. Bf4 b5 29. Qd1 bxa4 30. bxa4 Rb2 31. Rb1 Rxb1 32. Qxb1 Ng6 
33. Qb3 Rd8 34. Kh2 Nxf4 35. Rxf4 g6 36. Rd4 Rd6 37. Rf4 Rf6 38. Qb8+ Kh7 
39. Rxf6 Qxf6 40. Qb2 Kg7 41. Qd2 Kh7 42. Kg2 Qe5 43. f3 Kg7 44. Kf2 Qf6 
45. Kg2 g5 46. Qe3 h5 47. g4 hxg4 48. fxg4 Kg8 49. Qd4 Qxd4 50. cxd4 Kg7 
51. Kf2 f6 52. Kf3 Kf7 53. Ke3 Ke7 54. Kf3 Ke6 55. Ke3 f5 56. gxf5+ Kxf5 
57. Kf3 Kf6 58. Kg3 Kg6 59. Kg2 Kf6 60. Kg3 Kf5 61. Kf3 Ke6 62. Ke3 Kf5 63. Kf3 
1/2-1/2

[Event "Sunday 01 April Rapid Engine Tour 12+1 Rounds 9 Starts 1600ST"]
[Site "Infinity Chess"]
[Date "2018.4.1"]
[Round "7"]
[White "MCDermont"]
[Black "xeonrocks"]
[Result "1/2-1/2"]
[ECO "D30"]
[WhiteElo "2512"]
[BlackElo "2537"]
[WhiteEngine "BrainFish 290318_CTG"]
[BlackEngine "Stockfish_x64_bmi2_CTG"]
[EventType "Swiss"]
[WhiteTeam ""]
[BlackTeam ""]
[PlyCount "239"]
[TimeControl "720+1"]

1. d4 d5 2. c4 e6 3. Nf3 Nf6 4. Nc3 c6 5. Bg5 h6 6. Bxf6 Qxf6 7. e3 Nd7 
8. Be2 dxc4 9. Bxc4 g6 10. O-O Bg7 11. e4 e5 12. d5 Nb6 13. Bb3 O-O 14. Re1 Bd7 
15. Re3 Rfd8 16. h3 a5 17. a3 a4 18. Ba2 Qe7 19. Qc2 Kh7 20. Rd1 Be8 
21. dxc6 Rxd1+ 22. Qxd1 Rd8 23. Rd3 Rxd3 24. Qxd3 Bxc6 25. h4 Nd7 26. Bd5 Nc5 
27. Qe3 Be8 28. g3 b5 29. h5 g5 30. Qe2 Qd7 31. Kg2 Ne6 32. Bxe6 fxe6 33. g4 Qb7 
34. Na2 Bc6 35. Nd2 Bf8 36. Qd3 Kg7 37. Nb4 Be8 38. Nf3 Qc7 39. Ne1 Bd6 
40. Kf1 Qb6 41. Nf3 Kf6 42. Qc3 Qb7 43. Qc2 Qd7 44. Ke2 Qd8 45. Qc3 Qc7 
46. Qxc7 Bxc7 47. Ke3 Ba5 48. Kd3 Bb6 49. Ke2 Bd8 50. Na6 Ba5 51. Ne1 Bb6 
52. f3 Ke7 53. Nb4 Bd4 54. Nbd3 Kd6 55. Nc2 Bb6 56. Ncb4 Bc7 57. Na6 Bb6 
58. Kd2 Bd4 59. Ke1 Bb6 60. Kf1 Bd7 61. Ke2 Bc8 62. Nab4 Bd4 63. Nc2 Bb6 
64. Kd2 Ba6 65. Kc3 Bb7 66. Kb4 Bc6 67. Kc3 Bd7 68. Kb4 Bc6 69. b3 axb3 
70. Kxb3 Bc7 71. Ncb4 Bb7 72. Kc2 Ke7 73. Nc5 Bc8 74. Kb3 Kd6 75. Ncd3 Bb7 
76. Kc3 Ke7 77. Nc5 Bc8 78. Kb2 Bd6 79. Ncd3 Kf7 80. Nc2 Bd7 81. Kc3 Bc8 
82. Kb3 Kg7 83. Kb2 Kf7 84. Nce1 Kf6 85. Nc2 Ke7 86. Nce1 Kf7 87. Kb3 Kf6 
88. Nc2 Ke7 89. Kc3 Bd7 90. Ncb4 Bc8 91. Kb3 Bd7 92. Na6 Kd8 93. Nac5 Kc7 
94. Kc3 Bc8 95. Kb2 Be7 96. Nb3 Bd7 97. Nbc5 Bc8 98. Nb3 Bd7 99. Nbc1 Bd6 
100. Nb4 Be7 101. Ncd3 Bd6 102. Nc2 Kd8 103. Kc3 Kc7 104. Kb2 Be7 105. Nf2 Kc6 
106. Kb3 Bf8 107. Nh1 Bc5 108. Ng3 Kb6 109. Nh1 Be8 110. Kc3 Bc6 111. Ng3 Be7 
112. Nb4 Be8 113. Ne2 Bc6 114. Kd3 Bc5 115. Nc3 Be8 116. Kc2 Bd6 117. Kd3 Ka5 
118. Nc2 Kb6 119. Nb4 Kc5 120. Ke2 1/2-1/2

[Event "Sunday 01 April Rapid Engine Tour 12+1 Rounds 9 Starts 1600ST"]
[Site "Infinity Chess"]
[Date "2018.4.1"]
[Round "7"]
[White "angriff"]
[Black "IronMan"]
[Result "1/2-1/2 "]
[ECO "B90"]
[WhiteElo "2392"]
[BlackElo "2453"]
[WhiteEngine "DracoREX 3.07 64BIT POPCNT_CTG"]
[BlackEngine "Eman 1.70-beta11 64-bit BMI2"]
[EventType "Swiss"]
[WhiteTeam ""]
[BlackTeam ""]
[PlyCount "154"]
[TimeControl "720+1"]

1. e4 c5 2. Nf3 d6 3. d4 cxd4 4. Nxd4 Nf6 5. Nc3 a6 6. Be3 e5 7. Nb3 Be6 
8. f3 h5 9. Qd2 Nbd7 10. Nd5 Bxd5 11. exd5 g6 12. Be2 Bg7 13. Na5 Rb8 14. O-O e4 
15. f4 Ng4 16. Bxg4 hxg4 17. Nc4 O-O 18. f5 Qc7 19. Qb4 b5 20. Na5 Rbe8 
21. Nc6 Ne5 22. f6 Nxc6 23. dxc6 Bh8 24. a4 bxa4 25. Qc3 Rc8 26. Rxa4 Qxc6 
27. Qxc6 Rxc6 28. Rxe4 d5 29. Ref4 Rxc2 30. Bd4 Rc4 31. Rxg4 Rb8 32. h3 Rbb4 
33. Rd1 Rc6 34. Re1 Rb8 35. Rf1 Rb4 36. Re1 Rb8 37. Rf1 Rb4 38. g3 Rcc4 
39. Rff4 Rc6 40. Kf2 a5 41. Ke2 a4 42. Rf3 Rcc4 43. Rd3 Rc2+ 44. Rd2 Rcc4 
45. Bc3 Rxg4 46. hxg4 Rxg4 47. Kf3 Rc4 48. Rxd5 a3 49. Rd8+ Kh7 50. Rf8 a2 
51. Rxf7+ Kg8 52. Ra7 Rxc3+ 53. bxc3 Bxf6 54. Rxa2 Bxc3 55. Ra7 Be5 56. g4 Bd4 
57. Rb7 Ba1 58. Ke3 Bc3 59. Kf4 Bd2+ 60. Ke5 Bc3+ 61. Ke4 Kf8 62. Kd3 Ba1 
63. Ra7 Bb2 64. Rd7 Ba1 65. Kd2 Be5 66. Ra7 Bb2 67. Ke2 Bc1 68. Rh7 Bb2 
69. Rb7 Ba1 70. Rc7 Bb2 71. Rd7 Ba1 72. Kd2 Bf6 73. Ra7 Bb2 74. Kd3 Kg8 
75. Re7 Ba1 76. Rd7 Bb2 77. Rc7 Ba1 1/2-1/2

[Event "Sunday 01 April Rapid Engine Tour 12+1 Rounds 9 Starts 1600ST"]
[Site "Infinity Chess"]
[Date "2018.4.1"]
[Round "7"]
[White "KQRBNP"]
[Black "MarioDeMonti"]
[Result "0-1"]
[ECO "C55"]
[WhiteElo "2410"]
[BlackElo "2491"]
[WhiteEngine "Eman 1.70-beta12 64-bit POPCNT"]
[BlackEngine "stockfish_x64_bmi2_2018_02_18_CTG"]
[EventType "Swiss"]
[WhiteTeam ""]
[BlackTeam ""]
[PlyCount "232"]
[TimeControl "720+1"]

1. e4 e5 2. Nf3 Nc6 3. Bc4 Nf6 4. d3 Bc5 5. O-O d6 6. Re1 Nd4 7. Nxd4 Bxd4 
8. c3 Bb6 9. h3 h6 10. Be3 Bxe3 11. Rxe3 O-O 12. Nd2 c6 13. d4 Re8 14. Bb3 Qc7 
15. Qe2 a5 16. a4 Bd7 17. dxe5 dxe5 18. Rd1 b5 19. Rd3 bxa4 20. Bxa4 Be6 
21. b3 Rab8 22. Nc4 Bxc4 23. bxc4 Qb6 24. Rd6 Re6 25. Rxe6 fxe6 26. g3 Qc5 
27. Kg2 Kh7 28. Rd2 Rb1 29. Ra2 Rb7 30. h4 Rb8 31. Bd1 g5 32. h5 Rb7 33. Rb2 Rd7 
34. Ba4 Rf7 35. g4 Kg7 36. f3 Rc7 37. Qd1 Nd7 38. Qd2 Kf7 39. Rb1 Ke7 
40. Rd1 Kf7 41. Qd3 Rb7 42. Bc2 Nf8 43. Ra1 Rd7 44. Qe2 Ke7 45. Kg3 Ra7 
46. Qd3 Ra8 47. Qe2 Nd7 48. Rd1 Nb6 49. Qd2 Rh8 50. Qf2 Qxf2+ 51. Kxf2 Nxc4 
52. Ra1 Ra8 53. Ke2 Kd6 54. Ra2 Kc5 55. Bb3 Nd6 56. Kd3 Kb5 57. Ba4+ Kb6 
58. Bb3 Rf8 59. Bd1 Rd8 60. Be2 c5 61. Kc2 c4 62. Kb2 Rb8 63. Kc2 Rd8 
64. Ra1 Ra8 65. Bd1 Kc5 66. Kb2 Ra7 67. Be2 Ra6 68. Ra2 Nb5 69. Ra4 Nd6 
70. Kc2 Ra8 71. Kb2 Kb5 72. Ra1 Kc5 73. Bd1 Nb5 74. Ra4 Ra7 75. Bc2 Nd6 
76. Bd1 Kc6 77. Kc1 Kb5 78. Ra1 a4 79. Kb2 Nb7 80. Ka3 Nc5 81. Be2 Rd7 
82. Rb1+ Nb3 83. Rd1 Nd4 84. Rb1+ Kc5 85. cxd4+ exd4 86. Rb8 d3 87. Bd1 c3 
88. Kxa4 Rc7 89. Kb3 Kd4 90. Bc2 Ke3 91. Bxd3 Kxd3 92. Rd8+ Ke3 93. Kc2 Kxf3 
94. Rd1 Kxe4 95. Rf1 e5 96. Rf6 Ke3 97. Rf1 Rc6 98. Rf5 e4 99. Rf7 Kd4 
100. Rf1 e3 101. Rd1+ Ke4 102. Re1 Kf3 103. Rf1+ Kg2 104. Rf7 Re6 105. Ra7 e2 
106. Ra1 Rc6 107. Kd3 Kf2 108. Ra2 c2 109. Rxc2 Rxc2 110. Kxc2 e1=Q 111. Kb3 Ke3 
112. Ka4 Kd4 113. Kb5 Qe6 114. Ka4 Qb6 115. Ka3 Kc3 116. Ka2 Qb2# 0-1

[Event "Sunday 01 April Rapid Engine Tour 12+1 Rounds 9 Starts 1600ST"]
[Site "Infinity Chess"]
[Date "2018.4.1"]
[Round "7"]
[White "CoffeeOne"]
[Black "Prometheus"]
[Result "1-0"]
[ECO "C50"]
[WhiteElo "2504"]
[BlackElo "2456"]
[WhiteEngine "Houdini 6"]
[BlackEngine "Eman 1.70-beta11 64-bit BMI2"]
[EventType "Swiss"]
[WhiteTeam ""]
[BlackTeam ""]
[PlyCount "233"]
[TimeControl "720+1"]

1. e4 e5 2. Nf3 Nc6 3. Bc4 Bc5 4. O-O Nf6 5. d3 d6 6. c3 O-O 7. Nbd2 a5 
8. Re1 h6 9. Nf1 a4 10. h3 Ra5 11. Ng3 b5 12. b4 axb3 13. Bxb3 Be6 14. Rb1 Bb6 
15. d4 exd4 16. cxd4 d5 17. e5 Ne4 18. Rb2 Nxg3 19. fxg3 Bf5 20. Rbe2 Ne7 
21. Bd2 Ra8 22. Bb4 Re8 23. Nh4 Be6 24. Kh2 Nc6 25. Bc3 Ba5 26. Qd3 Bxc3 
27. Qxc3 Nb8 28. Rf2 Nd7 29. Nf5 Nb6 30. Qd3 Ra3 31. Qxb5 Nc4 32. Rc1 Ra5 
33. Qb4 c6 34. Rcf1 Ra7 35. Qc3 Qa5 36. Qd3 Bxf5 37. Rxf5 Nd2 38. R1f4 Qb4 
39. Rg4 Nxb3 40. axb3 Re6 41. Rf2 Rb7 42. Rf3 c5 43. Qc2 Rc7 44. Rf6 c4 
45. Qc1 Kh8 46. bxc4 Rxc4 47. Qe3 Rc7 48. Rf1 Kg8 49. Rgf4 Qb7 50. g4 Rec6 
51. g5 hxg5 52. Rg4 Rg6 53. Rxg5 Qb6 54. Qf4 Rxg5 55. Qxg5 Rc8 56. Rf4 Qh6 
57. Qg4 Qe6 58. Qh5 Rc6 59. Qh4 Qc8 60. Rg4 Rb6 61. Rg5 Rb2 62. Qg3 Qf8 
63. Qf3 Qe7 64. Rg3 Qe6 65. Qf4 Qc8 66. Qf6 Qf8 67. Qf3 Rb5 68. h4 Rb6 
69. Qxd5 Rh6 70. Rg4 Qe7 71. Qa8+ Kh7 72. Qe4+ Kh8 73. Kg3 Kg8 74. Qf4 Rb6 
75. h5 Rb1 76. Kh2 Rb5 77. Qg3 Qf8 78. Qh4 Rb6 79. d5 f5 80. Rg5 Qe8 81. Qg3 Qf8 
82. d6 f4 83. Qg4 f3 84. h6 Rxd6 85. Rxg7+ Kh8 86. Rg8+ Qxg8 87. Qxg8+ Kxg8 
88. exd6 f2 89. d7 Kh7 90. d8=Q f1=Q 91. Qg5 Qf7 92. Qg7+ Qxg7 93. hxg7 Kg8 
94. Kg3 Kxg7 95. Kg4 Kg6 96. g3 Kh6 97. Kf5 Kg7 98. Kg5 Kh7 99. Kf6 Kh8 
100. g4 Kg8 101. g5 Kh7 102. Kf7 Kh8 103. Kg6 Kg8 104. Kh6 Kf7 105. g6+ Kf8 
106. Kh7 Ke7 107. g7 Kd6 108. g8=Q Kc5 109. Qa2 Kb5 110. Kg6 Kb4 111. Kf5 Kb5 
112. Ke5 Kc6 113. Qc4+ Kb6 114. Kd6 Ka5 115. Qb3 Ka6 116. Kc6 Ka5 117. Qa3# 1-0

[Event "Sunday 01 April Rapid Engine Tour 12+1 Rounds 9 Starts 1600ST"]
[Site "Infinity Chess"]
[Date "2018.4.1"]
[Round "6"]
[White "star99"]
[Black "Marsell"]
[Result "1/2-1/2"]
[ECO "C24"]
[WhiteElo "2410"]
[BlackElo "2444"]
[WhiteEngine "Cryptic Heroes 9.2B"]
[BlackEngine "asmFishW_2018-03-16_bmi2"]
[EventType "Swiss"]
[WhiteTeam ""]
[BlackTeam ""]
[PlyCount "69"]
[TimeControl "720+1"]

1. e4 e5 2. Bc4 Nf6 3. d3 c6 4. Bb3 d5 5. Nf3 a5 6. a4 Bb4+ 7. c3 Bd6 
8. exd5 cxd5 9. Bg5 Be6 10. Na3 Nbd7 11. O-O O-O 12. Bh4 Bb8 13. Re1 Re8 
14. Nb5 Ra6 15. Nd2 h6 16. d4 e4 17. c4 dxc4 18. Bxc4 Bxc4 19. Nxc4 Nb6 
20. Bxf6 Qxf6 21. Ne3 Qg6 22. Qb3 Kh7 23. g3 f5 24. Rac1 f4 25. Ng2 Nd7 
26. Nc7 Rb6 27. Qd5 fxg3 28. fxg3 Rd6 29. Qxb7 Bxc7 30. Rxc7 Qf6 31. Rxe4 Rb6 
32. Qd5 Rd6 33. Qb7 Rb6 34. Qd5 Rd6 35. Qb7 1/2-1/2

[Event "Sunday 01 April Rapid Engine Tour 12+1 Rounds 9 Starts 1600ST"]
[Site "Infinity Chess"]
[Date "2018.4.1"]
[Round "6"]
[White "SkyPilot"]
[Black "Longin"]
[Result "1/2-1/2"]
[ECO "C55"]
[WhiteElo "2479"]
[BlackElo "2452"]
[WhiteEngine "stockfish_x64_bmi2_2018_03_26_CTG"]
[BlackEngine "Raubfisch ME262_GTZ16f_CTG"]
[EventType "Swiss"]
[WhiteTeam ""]
[BlackTeam ""]
[PlyCount "120"]
[TimeControl "720+1"]

1. e4 e5 2. Nf3 Nc6 3. Bc4 Nf6 4. d3 Bc5 5. c3 d6 6. O-O h6 7. b4 Bb6 8. a4 a6 
9. Na3 O-O 10. Re1 Bg4 11. h3 Bh5 12. Bd2 Ne7 13. a5 Ba7 14. Be3 Bxe3 
15. Rxe3 Ng6 16. d4 Bxf3 17. Qxf3 exd4 18. cxd4 d5 19. exd5 Nh4 20. Qf4 Ng6 
21. Qf3 Nh4 22. Qd1 Nxd5 23. Rb3 c6 24. Nc2 Qd7 25. Ne3 Nxe3 26. Rxe3 Rad8 
27. Rd3 Qe7 28. Qg4 Qxb4 29. d5 cxd5 30. Rxd5 Rc8 31. Ba2 Qxg4 32. hxg4 Rfd8 
33. Rad1 Rxd5 34. Bxd5 Rc7 35. Be4 Ng6 36. Rd6 Kf8 37. Rb6 Rc5 38. Bxb7 Rxa5 
39. Rxa6 Rxa6 40. Bxa6 Ke7 41. f3 Nf4 42. Bb5 Nd5 43. Bc4 Ke6 44. g3 Ke5 
45. Kf2 Kd6 46. f4 f6 47. Bd3 Kc5 48. Kf3 Kd4 49. Bf5 Ne7 50. Bc2 g6 51. Be4 g5 
52. Bb7 gxf4 53. Kxf4 Kd3 54. Ba6+ Kd4 55. Be2 Nd5+ 56. Kf5 Nc3 57. Kxf6 Nxe2 
58. Kg6 Nxg3 59. Kxh6 Ke4 60. g5 Kf5 1/2-1/2

[Event "Sunday 01 April Rapid Engine Tour 12+1 Rounds 9 Starts 1600ST"]
[Site "Infinity Chess"]
[Date "2018.4.1"]
[Round "6"]
[White "hafaba"]
[Black "ocirema"]
[Result "1/2-1/2 "]
[ECO "C42"]
[WhiteElo "2395"]
[BlackElo "2434"]
[WhiteEngine "DracoREX 3.07 64BIT POPCNT"]
[BlackEngine "asmFishW_2018-03-23_popcnt"]
[EventType "Swiss"]
[WhiteTeam ""]
[BlackTeam ""]
[PlyCount "99"]
[TimeControl "720+1"]

1. e4 e5 2. Nf3 Nf6 3. Nxe5 d6 4. Nf3 Nxe4 5. d4 d5 6. Bd3 Nc6 7. O-O Be7 
8. Nbd2 Nd6 9. c3 Bf5 10. Be2 O-O 11. Re1 a5 12. a4 Nb8 13. Nf1 c6 14. Ng3 Bg6 
15. Ne5 Nd7 16. Nxg6 fxg6 17. Bg4 Nf6 18. Bh3 Nf7 19. Qb3 Qc7 20. Bd2 Rae8 
21. Be6 Kh8 22. c4 dxc4 23. Bxc4 Nh6 24. h3 Rd8 25. Bxa5 Qxa5 26. Rxe7 b5 
27. Be2 Rxd4 28. Qc3 Qxc3 29. bxc3 Rxa4 30. Rxa4 bxa4 31. Ra7 Nf7 32. Rxa4 Rc8 
33. Bf3 Ne5 34. Be4 Kg8 35. f4 Ned7 36. Bf3 Kf8 37. Ne2 Nd5 38. g3 N7b6 
39. Ra6 Ra8 40. Rxa8+ Nxa8 41. c4 Nb4 42. Nd4 Nb6 43. Be2 Na4 44. Kf2 Ke7 
45. Ke3 c5 46. Nb3 Kd6 47. Bf1 Nb2 48. Kd2 Nc6 49. Kc1 Na4 50. Nd2 1/2-1/2

[Event "Sunday 01 April Rapid Engine Tour 12+1 Rounds 9 Starts 1600ST"]
[Site "Infinity Chess"]
[Date "2018.4.1"]
[Round "6"]
[White "Mr Aj"]
[Black "AHGST"]
[Result "1/2-1/2"]
[ECO "D30"]
[WhiteElo "2457"]
[BlackElo "2368"]
[WhiteEngine "Houdini 6"]
[BlackEngine "komodo-11.3.1-64bit-BMI2"]
[EventType "Swiss"]
[WhiteTeam ""]
[BlackTeam ""]
[PlyCount "157"]
[TimeControl "720+1"]

1. d4 d5 2. c4 e6 3. Nf3 Nf6 4. Nc3 c6 5. Bg5 h6 6. Bxf6 Qxf6 7. e3 Nd7 
8. Bd3 dxc4 9. Bxc4 g6 10. O-O Bg7 11. e4 e5 12. d5 Nb6 13. Nd2 O-O 14. Bb3 h5 
15. h3 Bh6 16. Nf3 c5 17. Na4 Nxa4 18. Bxa4 a6 19. Qd3 c4 20. Qa3 Rd8 
21. Qc3 Bg7 22. Bc2 Bd7 23. Rfc1 b5 24. Bd1 Qf4 25. Qe1 Rac8 26. a4 Bf8 
27. g3 Qf6 28. Kg2 Kg7 29. Qc3 Bd6 30. axb5 axb5 31. Ra5 Qe7 32. Ra6 Rc7 
33. Be2 Rdc8 34. Qa5 Bb4 35. Qa1 f6 36. Nh4 Bc5 37. Qa5 Bb4 38. Qa1 Bc5 
39. Qa5 Rb7 40. g4 hxg4 41. hxg4 Rh8 42. Rh1 Rbb8 43. Qc3 g5 44. Nf5+ Bxf5 
45. gxf5 Rxh1 46. Kxh1 Bxf2 47. Qa5 Qd8 48. Qxd8 Rxd8 49. Rc6 Bd4 50. Rc7+ Kh6 
51. Kg2 Bxb2 52. Rf7 g4 53. Kg3 Rd6 54. Rb7 Ra6 55. Kxg4 Bd4 56. Rxb5 c3 
57. Rb1 Ra2 58. Bc4 Rg2+ 59. Kf3 Rf2+ 60. Kg3 c2 61. Rh1+ Kg7 62. d6 Rd2 
63. d7 Bb6 64. Rc1 Kh6 65. Kf3 Kg5 66. Kg3 Rxd7 67. Rxc2 Ra7 68. Ra2 Rc7 
69. Ra4 Rc8 70. Kf3 Bd4 71. Bd5 Rc3+ 72. Ke2 Re3+ 73. Kd2 Kf4 74. Ra6 Rxe4 
75. Bxe4 Kxe4 76. Rxf6 Be3+ 77. Ke2 Bg5 78. Rf8 Bh6 79. Rf7 1/2-1/2

[Event "Sunday 01 April Rapid Engine Tour 12+1 Rounds 9 Starts 1600ST"]
[Site "Infinity Chess"]
[Date "2018.4.1"]
[Round "6"]
[White "KhalidOmar"]
[Black "RonWeasley"]
[Result "1/2-1/2"]
[ECO "C11"]
[WhiteElo "2442"]
[BlackElo "2459"]
[WhiteEngine "Eman 1.70-beta12 64-bit BMI2"]
[BlackEngine "BrainFish 290318_CTG"]
[EventType "Swiss"]
[WhiteTeam ""]
[BlackTeam ""]
[PlyCount "79"]
[TimeControl "720+1"]

1. e4 e6 2. d4 d5 3. Nc3 Nf6 4. e5 Nfd7 5. f4 c5 6. Nf3 Nc6 7. Be3 cxd4 
8. Nxd4 Qb6 9. Qd2 Qxb2 10. Rb1 Qa3 11. Bb5 Nxd4 12. Bxd4 a6 13. Bxd7+ Bxd7 
14. Rb3 Qe7 15. Rxb7 Rc8 16. O-O Qd8 17. f5 exf5 18. Rfb1 Qa5 19. Qe3 Be6 
20. Rb8 Qc7 21. Ba7 Rxb8 22. Rxb8+ Kd7 23. Na4 Qxc2 24. Nb6+ Kc6 25. Nxd5 f4 
26. Qb6+ Kxd5 27. Qd4+ Kc6 28. h3 Bc5 29. Bxc5 Rxb8 30. Qd6+ Kb5 31. Qxb8+ Kc4 
32. Qb4+ Kd5 33. Qd4+ Kc6 34. Qd6+ Kb5 35. Qb6+ Kc4 36. Qb4+ Kd5 37. Qd4+ Kc6 
38. Qd6+ Kb5 39. Qb6+ Kc4 40. Qb4+ 1/2-1/2